 Dungeon Crawl Stone Soup version 0.29.1-15-g9cfb28693d (webtiles) character file.

Game seed: 5263171804963296461

32 tizbic2 the Insei (level 3, -1/30 HPs)
             Began as a Tengu Transmuter on Apr 23, 2023.
             Slain by a goblin
             ... wielding a +0 dagger
             ... led by Robin
              (2 damage)
             ... on level 2 of the Dungeon.
             The game lasted 00:03:22 (1002 turns).

tizbic2 the Insei (Tengu Transmuter)                Turns: 1002, Time: 00:03:23

Health: -1/30      AC: 21    Str: 12    XL:     3   Next: 25%
Magic:  7/7        EV:  2    Int: 13    God:
Gold:   48         SH:  0    Dex: 14    Spells: 5/6 levels left

rFire   . . .      SeeInvis .   j - +0 mace
rCold   . . .      Faith    .   (no shield)
rNeg    . . .      Spirit   .   (body armour currently unavailable)
rPois   +          Reflect  .   (helmet currently unavailable)
rElec   .          Harm     .   (cloak currently unavailable)
rCorr   .          Rampage  .   (gloves currently unavailable)
Will    .....      NoTele   +   (boots unavailable)
Stlth   +.........              (no amulet)
HPRegen 0.10/turn               (no ring)
MPRegen 0.10/turn               (no ring)

@: tree-form
A: stationary, stasis, torment immunity, boosted hp, (beak), (talons 3)
a: no special abilities


You were on level 2 of the Dungeon.
You were a tree.
You visited 1 branch of the dungeon, and saw 2 of its levels.

You collected 48 gold pieces.

Inventory:

Hand Weapons
 j - a +0 mace (weapon)
Missiles
 k - 3 poisoned darts
Armour
 a - a +0 robe
 d - a +0 leather armour
 g - a +0 ring mail (melded)
 m - a +0 chain mail
 n - a +2 hat (melded)
Scrolls
 c - a scroll of vulnerability {unknown}
 e - a scroll of blinking {unknown}
 h - a scroll of poison {unknown}
 i - a scroll of noise {unknown}
 l - 3 scrolls of teleportation {unknown}
Potions
 f - 2 potions of attraction {unknown}


   Skills:
 + Level 1.5 Fighting
 + Level 2.6 Dodging
 + Level 3.6 Unarmed Combat
 + Level 2.3 Spellcasting
 + Level 1.9 Transmutations


You had 5 spell levels left.
You knew the following spells:

 Your Spells              Type           Power      Damage    Failure   Level
a - Beastly Appendage     Tmut           12%        N/A       11%         1

Your spell library contained the following spells:

 Spells                   Type           Power      Damage    Failure   Level
 Wereblood                Tmut           6%         N/A       17%         2
 Spider Form              Tmut/Pois      4%         N/A       45%         3
 Ice Form                 Ice/Tmut       4%         N/A       86%         4


Dungeon Overview and Level Annotations

Branches:
Dungeon (2/15)

Altars:

Annotations:
D:2 Robin


Innate Abilities, Weirdness & Mutations

You are a tree.
Your roots penetrate the ground, keeping you stationary.
You cannot be teleported.
You are immune to unholy pain and torment.
Your maximum health is greatly increased.
Your equipment is partially melded.
((You have a beak for a mouth.))
((You have claws for feet.))


Message History

You hit the goblin.
You kill the goblin!
The hobgoblin hits you. The hobgoblin misses you.
Robin throws the goblin at you!
You closely miss the goblin. The goblin misses you. The hobgoblin hits you.
Robin says, "Feeling lonely?"
You closely miss the goblin. Your punch misses the goblin.
The goblin barely misses you.
The hobgoblin hits you but does no damage.
You closely miss the goblin. The goblin hits you with a +0 club.
* * * LOW HITPOINT WARNING * * *
The hobgoblin hits you but does no damage.
The goblin closely misses you.
Robin roars a battlecry!
The hobgoblin misses you.
Really quaff the potion of lignification?
You turn into a tree.
Your +2 hat melds into your body.
Your +0 ring mail melds into your body.
Your roots penetrate the ground.
The goblin no longer looks unusually strong.
The hobgoblin no longer looks unusually strong.
The goblin hits you but does no damage.
The hobgoblin hits you but does no damage.
Robin laughs in a distinctly smug fashion.
Robin roars a battlecry!
The goblins go into a battle-frenzy!
You hit the goblin.
You kill the goblin!
The goblin no longer looks unusually strong.
The hobgoblin hits you but does no damage.
You hit the hobgoblin.
You kill the hobgoblin!
Robin roars a battlecry!
The goblin goes into a battle-frenzy!
The goblin hits you with a +0 dagger.
* * * LOW HITPOINT WARNING * * *
Robin throws the goblin at you!
You barely miss the goblin. The goblin hits you with a +0 club.
* * * LOW HITPOINT WARNING * * *
The goblin hits you with a +0 dagger.
You die...

............##.........
............#..########
#....g.....##
#........###
####.g......#
.....g##....#
######....### #g####
#♣# #...g# #.#### >. ##


You could see Robin and 3 goblins.

Vanquished Creatures
  A dart slug (D:1)
  A ball python (D:2)
  An endoplasm (D:2)
  4 giant cockroaches
  3 hobgoblins
  2 jackals (D:1)
  A quokka (D:2)
  3 bats (D:1)
  2 frilled lizards (D:2)
  6 goblins (D:2)
  2 rats
26 creatures vanquished.

Notes
Turn   | Place    | Note
-------+----------+-------------------------------------------
     0 | D:1      | tizbic2 the Tengu Transmuter began the quest for the Orb.
     0 | D:1      | Reached XP level 1. HP: 12/12 MP: 4/4
   159 | D:1      | Reached XP level 2. HP: 7/16 MP: 6/6
   983 | D:2      | Noticed Robin
   988 | D:2      | Reached XP level 3. HP: 17/20 MP: 5/7
  1001 | D:2      | HP: 1/30 [goblin/+0 dagger[Robin] (5)]
  1002 | D:2      | Slain by a goblin

Illustrated notes

Levels and vault maps discovered:
D:1:      wander_arrival_desolate, layout_rooms
D:2:      layout_basic, uniq_jessica, uniq_robin

Action                   || total
-------------------------++-------
Melee: Unarmed           ||    18
       Kick              ||    12
       Peck              ||     4
       Mace              ||    43
       Dagger            ||     5
       Headbutt          ||     2
 Cast: Beastly Appendage ||     4
  Use: Potion            ||     1
Armor: Ring mail         ||    29
       Leather armour    ||     2
       Skin              ||     4
Dodge: Dodged            ||    49
